 Dungeon Crawl Stone Soup version 0.29-a0-973-gac7da5f7f0 (webtiles) character file.

Game seed: 7967256434748627679

81 vurker the Sneak (level 4, -8/22 HPs)
             Began as a Vine Stalker Enchanter on July 31, 2022.
             Mangled by Crazy Yiuf
             ... wielding a +3 quarterstaff of chaos
              (12 damage)
             ... on level 2 of the Dungeon.
             The game lasted 00:03:13 (2098 turns).

vurker the Sneak (Vine Stalker Enchanter)           Turns: 2098, Time: 00:03:14

Health: -8/22      AC:  7    Str: 13    XL:     4   Next: 40%
Magic:  0/8        EV: 10    Int: 15    God:
Gold:   68         SH:  0    Dex: 20    Spells: 7/7 levels left

rFire   . . .      SeeInvis .   a - +4 dagger
rCold   . . .      Faith    .   (no shield)
rNeg    . . .      Spirit   +   h - +0 scale mail
rPois   .          Reflect  .   b - +0 helmet
rElec   .          Harm     .   (no cloak)
rCorr   .          Rampage  .   (no gloves)
Will    .....                   (no boots)
Stlth   +.........              (no amulet)
HPRegen 0.87/turn               n - +6 ring of dexterity
MPRegen 0.11/turn               (no ring)

@: no status effects
A: fangs 2, regeneration 1, magic shield, antimagic bite, no potion heal 2
a: no special abilities


You were on level 2 of the Dungeon.
You visited 1 branch of the dungeon, and saw 2 of its levels.

You collected 68 gold pieces.

Inventory:

Hand Weapons
 a - a +4 dagger (weapon)
   (You took it off a goblin on level 1 of the Dungeon)
Armour
 b - a +0 helmet (worn)
   (You found it on level 1 of the Dungeon)
 d - a +0 plate armour
   (You found it on level 1 of the Dungeon)
 h - a +0 scale mail (worn)
   (You found it on level 1 of the Dungeon)
Jewellery
 n - a +6 ring of dexterity (left hand)
   (You found it on level 2 of the Dungeon)
Wands
 t - a wand of flame (8)
   (You found it on level 2 of the Dungeon)
Scrolls
 e - a scroll of identify {unknown}
 f - a scroll of magic mapping {unknown}
 g - a scroll of immolation {unknown}
 i - a scroll of enchant armour {unknown}
 k - a scroll of noise {unknown}
 l - a scroll of teleportation {unknown}
 m - a scroll of amnesia {unknown}
 o - a scroll of vulnerability {unknown}
Potions
 c - 2 potions of invisibility
 j - a potion of degeneration {unknown}
 p - a potion of magic {unknown}
 q - a potion of lignification {unknown}


   Skills:
 + Level 1.3 Fighting
 - Level 0.8 Short Blades
 + Level 1.2 Armour
 + Level 2.1 Dodging
 - Level 3.6 Stealth
 * Level 2.3 Unarmed Combat
 - Level 2.1 Spellcasting
 - Level 3.0 Hexes


You had 7 spell levels left.
You didn't know any spells.
Your spell library contained the following spells:

 Spells                   Type           Power      Damage    Failure   Level
 Ensorcelled Hibernation  Hex/Ice        12%        N/A       65%         2
 Confusing Touch          Hex            10%        N/A       67%         3
 Tukima's Dance           Hex            10%        N/A       67%         3
 Dazzling Flash           Conj/Hex       12%        N/A       86%         3


Dungeon Overview and Level Annotations

Branches:
Dungeon (2/15)

Altars:

Annotations:
D:2 Crazy Yiuf


Innate Abilities, Weirdness & Mutations

You have extremely sharp teeth.
Your natural rate of healing is unusually fast.
When hurt, damage is shared between your health and your magic reserves.
Your bite disrupts and absorbs the magic of your enemies.
Potions cannot restore your health.


Message History

You hit the worm. You bite the worm, but do no damage.
The worm barely misses you.
You hit the worm.
You kill the worm!
No target in view!
No target in view!
No target in view!
No target in view!
No target in view!
No target in view!
No target in view!
No target in view!
No target in view!
No target in view!
Things that are here:
a worm corpse; a ball python corpse
q - a fizzy coppery potion Unknown command.
You see here a +0 hammer.
You see here a +0 hammer.
You see here a +0 hammer.
You see here a +0 hammer.
You see here a +0 hammer.
Could not explore, unopened runed door.
Could not explore, unopened runed door.
Could not explore, unopened runed door.
Okay, then.
Okay, then.
You open the door. You hit Crazy Yiuf. Crazy Yiuf closely misses you.
You hit Crazy Yiuf. Your bite misses Crazy Yiuf.
Crazy Yiuf hits you with a +3 quarterstaff of chaos!
Crazy Yiuf freezes you.
You hit Crazy Yiuf.
Crazy Yiuf hits you with a +3 quarterstaff of chaos.
You hit Crazy Yiuf. Your bite misses Crazy Yiuf. You closely miss Crazy Yiuf.
You bite Crazy Yiuf, but do no damage.
Crazy Yiuf says, "East koolooloo stair!"
Crazy Yiuf hits you with a +3 quarterstaff of chaos!
* * * LOW HITPOINT WARNING * * *
Crazy Yiuf draws strength from your wounds!
You barely miss Crazy Yiuf.
Crazy Yiuf hits you with a +3 quarterstaff of chaos!
* * * LOW HITPOINT WARNING * * *
You feel your power leaking away.
You barely miss Crazy Yiuf. Crazy Yiuf closely misses you.
You hit Crazy Yiuf.
Crazy Yiuf hits you with a +3 quarterstaff of chaos!
Ouch! That really hurt!
You die...

###..##....####..#####.)<.......#
....###....# #....# #..........#
#..........# ♣....♣ #..........#
...####....# ♣)..♣♣ ##........##
..## ##...# ♣♣)♣♣ ##......## .##
#...# ♣)♣♣ #.###### .# #...# ♣♣)♣
#.##### ########...# ♣)♣♣ #.....#
......##...# ♣♣@♣ ###.....#
#####......# #g# #......<#
######## ))) ###.....# #)))#
####### #).)# #####


You could see Crazy Yiuf.

Vanquished Creatures
  Terence (D:2)
  An adder (D:2)
  A worm (D:2)
  An endoplasm (D:1)
  6 giant cockroaches
  7 goblins
  3 hobgoblins
  4 jackals (D:1)
  A quokka (D:2)
  2 ball pythons
  3 bats (D:1)
  3 frilled lizards
  5 kobolds
  3 rats (D:1)
41 creatures vanquished.

Notes
Turn   | Place    | Note
-------+----------+-------------------------------------------
     0 | D:1      | vurker the Vine Stalker Enchanter began the quest for the
                  | Orb.
     0 | D:1      | Reached XP level 1. HP: 9/9 MP: 4/4
    35 | D:1      | Reached XP level 2. HP: 12/14 MP: 4/6
    60 | D:1      | Reached skill level 1 in Unarmed Combat
   884 | D:1      | Reached XP level 3. HP: 16/17 MP: 7/7
  1633 | D:2      | Reached skill level 1 in Fighting
  1644 | D:2      | Noticed Terence
  1684 | D:2      | Killed Terence
  1685 | D:2      | Reached skill level 1 in Armour
  1685 | D:2      | Gained mutation: Your natural rate of healing is unusually
                  | fast. [Vine Stalker growth]
  1685 | D:2      | Reached XP level 4. HP: 8/22 MP: 4/8
  1869 | D:2      | Found a faded altar of an unknown god.
  1999 | D:2      | Found a runed translucent door.
  2000 | D:2      | Noticed Crazy Yiuf
  2098 | D:2      | Mangled by Crazy Yiuf

Illustrated notes

Levels and vault maps discovered:
D:1:      co_arrival_hall_of_pillars, layout_loops_ring
D:2:      layout_rooms, shapermc_ecumenical_altar_mp_urbaneastern, uniq_terence,
          uniq_crazy_yiuf_cottage

Skill      XL: |  1  2  3 |
---------------+----------+-----
Unarmed Combat | 1 2 |  2.3
Fighting       | 1 |  1.3
Armour         | 1 |  1.2
Dodging        | 2 |  2.1
Short Blades   | |  0.8
Stealth        | |  3.6
Spellcasting   | |  2.1
Hexes          | |  3.0

Action                   |  1- 3 |  4- 6 || total
-------------------------+-------+-------++-------
Melee: Dagger            |   113 |    28 ||   141
       Bite              |    23 |     8 ||    31
       Punch             |     1 |       ||     1
Armor: Robe              |    18 |       ||    18
       Scale mail        |    28 |     3 ||    31
Dodge: Dodged            |    68 |    11 ||    79

Table legend: (Time is in decaauts)
 A = Elapsed time spent in this place.
 B = Non-inter-level travel time spent in this place.
 C = Inter-level travel time spent in this place.
 D = Time resting spent in this place.
 E = Time spent auto-exploring this place.
 F = Levels seen in this place.
 G = Mean time per level.
                   A        B        C        D        E       F      G
               +--------+--------+--------+--------+--------+-----+--------+
         Total |   2090 |   2065 |     25 |      0 |   1672 |   2 | 1045.0 |
       Dungeon |   2090 |   2065 |     25 |      0 |   1672 |   2 | 1045.0 |
               +--------+--------+--------+--------+--------+-----+--------+

Top non-repeatable levels by time:
     D:1: 1595 daAuts
     D:2: 494 daAuts
